3L
NORTHERN VIRGINIA RETRIEVERS @ PANAMA CITY PIRANHAS
07/22/2019
 
TOP OF THE 1ST
Northern Virginia Retrievers batting - Pitching for Panama City Piranhas : RHP Juan Pérez
Pitching: RHP Juan Pérez
Batting: RHB Ed Anderson 0-0: Ground out 5-3 (Groundball, 5)
Batting: LHB Ye Der 0-0: DOUBLE (Flyball, 9LS)
Batting: LHB Roberto Salazar 0-0: Ball
1-0: Swinging Strike
1-1: Ball
2-1: Fly out, F6 (Popup, 6MS)
Batting: RHB Carl Good 0-0: Fly out, F9 (Line Drive, 89XD)
Top of the 1st over - 0 run(s), 1 hit(s), 0 error(s), 1 left on base; Northern Virginia 0 - Panama City 0
BOTTOM OF THE 1ST
Panama City Piranhas batting - Pitching for Northern Virginia Retrievers : LHP Javier Tares
Pitching: LHP Javier Tares
Batting: RHB Jeff Bass 0-0: Called Strike
0-1: Ball
1-1: Ball
2-1: Ball
3-1: Ground out 6-3 (Groundball, 6)
Batting: SHB Marc Talamante 0-0: Ball
1-0: Swinging Strike
1-1: Ball
2-1: Foul Ball, location: 2F
2-2: Ball
3-2: Base on Balls
Batting: RHB Hal Romaine 0-0: Called Strike
0-1: SINGLE (Line Drive, 56D)
Marc Talamante to second
Batting: SHB Theodore Buck 0-0: Ball
1-0: Fly out, F9 (Flyball, 9LS)
Batting: RHB Harvey Porter 0-0: Ball
1-0: Ball
2-0: Foul Ball, location: 2F
2-1: Ground out 6-3 (Groundball, 6)
Bottom of the 1st over - 0 run(s), 1 hit(s), 0 error(s), 2 left on base; Northern Virginia 0 - Panama City 0
TOP OF THE 2ND
Northern Virginia Retrievers batting - Pitching for Panama City Piranhas : RHP Juan Pérez
Batting: LHB John Robertson 0-0: Ball
1-0: Foul Ball, location: 2F
1-1: Ball
2-1: Ball
3-1: Base on Balls
Batting: LHB Vance Cannon 0-0: Ball
John Robertson is caught stealing 2nd base
1-0: Swinging Strike
1-1: Ball
2-1: Ball
3-1: Foul Ball, location: 2F
3-2: Base on Balls
Batting: RHB Donald Stanley 0-0: Fly out, F7 (Flyball, 7D)
Batting: RHB Ben Ross 0-0: Foul Ball, location: 2F
0-1: SINGLE (Line Drive, 78M)
Vance Cannon to second
Batting: LHB Javier Tares 0-0: Swinging Strike
0-1: Foul Ball, location: 2F
0-2: Ball
1-2: Fly out, F7 (Flyball, 78M)
Top of the 2nd over - 0 run(s), 1 hit(s), 0 error(s), 2 left on base; Northern Virginia 0 - Panama City 0
BOTTOM OF THE 2ND
Panama City Piranhas batting - Pitching for Northern Virginia Retrievers : LHP Javier Tares
Batting: RHB Vern Ewing 0-0: Foul Ball, location: 2F
0-1: Swinging Strike
0-2: Ball
1-2: Ball
2-2: Strikes out swinging
Batting: RHB William Hull 0-0: Ball
1-0: Ball
2-0: Foul Ball, location: 2F
2-1: Swinging Strike
2-2: Ball
3-2: Foul Ball, location: 2F
3-2: Foul Ball, location: 2F
3-2: Base on Balls
Batting: RHB Pete Knight 0-0: Ball
1-0: Called Strike
1-1: Swinging Strike
1-2: Foul Ball, location: 2F
1-2: Ball
2-2: Ground out 4-3 (Groundball, 4M)
William Hull to second
Batting: LHB Juan Pérez 0-0: Ball
1-0: Called Strike
1-1: Ball
2-1: Ground out 4-3 (Groundball, 4)
Bottom of the 2nd over - 0 run(s), 0 hit(s), 0 error(s), 1 left on base; Northern Virginia 0 - Panama City 0
TOP OF THE 3RD
Northern Virginia Retrievers batting - Pitching for Panama City Piranhas : RHP Juan Pérez
Batting: RHB Ed Anderson 0-0: Called Strike
0-1: Ball
1-1: Called Strike
1-2: SINGLE (Line Drive, 78M)
Batting: LHB Ye Der 0-0: Ball
1-0: Called Strike
1-1: Ball
2-1: Ground out 4-3 (Groundball, 34S)
Ed Anderson to second
Batting: LHB Roberto Salazar 0-0: Swinging Strike
0-1: Ball
1-1: Ball
2-1: Foul Ball, location: 2F
2-2: Foul Ball, location: 2F
2-2: Fly out, F7 (Flyball, 78M)
Batting: RHB Carl Good 0-0: Ball
1-0: Swinging Strike
1-1: Ball
Wild Pitch!
Ed Anderson to third
2-1: Foul Ball, location: 2F
2-2: Ball
3-2: Fly out, F8 (Line Drive, 8LM)
Top of the 3rd over - 0 run(s), 1 hit(s), 0 error(s), 1 left on base; Northern Virginia 0 - Panama City 0
BOTTOM OF THE 3RD
Panama City Piranhas batting - Pitching for Northern Virginia Retrievers : LHP Javier Tares
Batting: RHB Jeff Bass 0-0: Foul Ball, location: 2F
0-1: Ball
1-1: Foul Ball, location: 2F
1-2: Ball
2-2: Foul Ball, location: 2F
2-2: Foul Ball, location: 2F
2-2: Foul Ball, location: 2F
2-2: Strikes out looking
Batting: SHB Marc Talamante 0-0: Called Strike
0-1: Foul Ball, location: 2F
0-2: Ball
1-2: Foul Ball, location: 2F
1-2: Foul Ball, location: 2F
1-2: Ball
2-2: SINGLE (Flyball, 89S)
Batting: RHB Hal Romaine 0-0: SINGLE (Groundball, 34)
Marc Talamante to second
Runner from 2nd tries for 3rd, SAFE, throw made to third
Hal Romaine to second
Batting: SHB Theodore Buck 0-0: Called Strike
0-1: Foul Ball, location: 2F
0-2: Foul Ball, location: 2F
0-2: SINGLE (Groundball, 4M)
Marc Talamante scores
Hal Romaine to third
Batting: RHB Harvey Porter 0-0: Called Strike
0-1: Ball
1-1: Ball
2-1: Ball
3-1: Fly out, F7 (Flyball, 78M)
Runner from 3rd tags up, SCORES, throw made
Batting: RHB Vern Ewing 0-0: Ball
Balk!
Theodore Buck to second
1-0: Ball
2-0: Foul Ball, location: 2F
2-1: Swinging Strike
2-2: Foul Ball, location: 2F
2-2: Foul Ball, location: 2F
2-2: Ground out 5-3 (Groundball, 5)
Bottom of the 3rd over - 2 run(s), 3 hit(s), 0 error(s), 1 left on base; Northern Virginia 0 - Panama City 2
TOP OF THE 4TH
Northern Virginia Retrievers batting - Pitching for Panama City Piranhas : RHP Juan Pérez
Batting: LHB John Robertson 0-0: Ground out 4-3 (Groundball, 4)
Batting: LHB Vance Cannon 0-0: Foul Ball, location: 2F
0-1: Ball
1-1: Called Strike
1-2: Foul Ball, location: 2F
1-2: Ball
2-2: Ball
3-2: Base on Balls
Pitching: RHP Rubén Ramírez
Batting: RHB Donald Stanley 0-0: Ball
1-0: Called Strike
1-1: Fielders Choice at 2nd, 6-4 (Groundball, 6M)
Batting: RHB Ben Ross 0-0: Called Strike
Donald Stanley steals 2nd base
0-1: Ball
1-1: SINGLE (Flyball, 8LS)
Donald Stanley to third
Runner from 3rd tries for Home, SAFE, no throw or cutoff
Batting: LHB Javier Tares 0-0: Called Strike
0-1: Ball
1-1: Called Strike
1-2: SINGLE (Line Drive, 4MD)
Ben Ross to second
Batting: RHB Ed Anderson 0-0: Ball
1-0: Ball
2-0: Foul Ball, location: 2F
2-1: Foul Ball, location: 2F
2-2: Ball
3-2: Base on Balls
Ben Ross to third
Javier Tares to second
Batting: LHB Ye Der 0-0: Ball
1-0: Ball
2-0: Called Strike
2-1: Ball
3-1: Base on Balls
Ben Ross scores
Javier Tares to third
Ed Anderson to second
Batting: LHB Roberto Salazar 0-0: Swinging Strike
0-1: Ball
1-1: Foul Ball, location: 2F
1-2: Foul Ball, location: 2F
1-2: SINGLE (Groundball, 4M)
Javier Tares scores
Ed Anderson to third
Ye Der to second
Runner from 3rd tries for Home, SAFE, no throw or cutoff
Pitching: RHP Jessie Holley
Batting: RHB Carl Good 0-0: Foul Ball, location: 2F
0-1: Ball
1-1: Ball
2-1: Foul Ball, location: 2F
2-2: Ball
3-2: Base on Balls
Ye Der to third
Roberto Salazar to second
Batting: LHB John Robertson 0-0: Ball
1-0: Foul Ball, location: 2F
1-1: Foul Ball, location: 2F
1-2: Strikes out swinging
Top of the 4th over - 4 run(s), 3 hit(s), 0 error(s), 3 left on base; Northern Virginia 4 - Panama City 2
BOTTOM OF THE 4TH
Panama City Piranhas batting - Pitching for Northern Virginia Retrievers : LHP Javier Tares
Batting: RHB William Hull 0-0: Ball
1-0: Ball
2-0: Ball
3-0: Called Strike
3-1: Called Strike
3-2: SINGLE (Groundball, 56D)
Batting: RHB Pete Knight 0-0: Ball
1-0: Called Strike
1-1: Ball
2-1: Ball
3-1: Swinging Strike
3-2: Strikes out looking
William Hull steals 2nd base
Batter strikes out.
Batting: RHB Jessie Holley 0-0: Ball
1-0: Called Strike
1-1: Ball
2-1: Ball
3-1: Ground out 6-3 (Groundball, 6)
Pitching: RHP Cam Herman
Batting: RHB Jeff Bass 0-0: SINGLE (Groundball, 56)
William Hull to third
Runner from 3rd tries for Home, SAFE, no throw or cutoff
Batting: SHB Marc Talamante 0-0: Ball
1-0: Foul Ball, location: 2F
1-1: Ball
2-1: Fly out, F6 (Popup, 6D)
Bottom of the 4th over - 1 run(s), 2 hit(s), 0 error(s), 1 left on base; Northern Virginia 4 - Panama City 3
TOP OF THE 5TH
Northern Virginia Retrievers batting - Pitching for Panama City Piranhas : RHP Jessie Holley
Batting: LHB Vance Cannon 0-0: Foul Ball, location: 2F
0-1: Swinging Strike
0-2: Ball
1-2: Ground out 4-3 (Groundball, 13)
Batting: RHB Donald Stanley 0-0: Called Strike
0-1: SINGLE (Groundball, 4)
Batting: RHB Ben Ross 0-0: Called Strike
0-1: Foul Ball, location: 2F
0-2: Ball
1-2: Strikes out swinging
Pinch Hitting: RHB Kurt Chappell 0-0: Called Strike
0-1: Swinging Strike
0-2: Ball
1-2: Ball
2-2: SINGLE (Groundball, 5D)
Donald Stanley to second
Batting: RHB Ed Anderson 0-0: Ball
1-0: Fly out, F8 (Line Drive, 8LD)
Top of the 5th over - 0 run(s), 2 hit(s), 0 error(s), 2 left on base; Northern Virginia 4 - Panama City 3
BOTTOM OF THE 5TH
Panama City Piranhas batting - Pitching for Northern Virginia Retrievers : RHP Cam Herman
Pitching: RHP Elio Maini
Batting: RHB Hal Romaine 0-0: Ball
1-0: Called Strike
1-1: Ball
2-1: Ball
3-1: Base on Balls
Batting: SHB Theodore Buck 0-0: Called Strike
0-1: Ball
1-1: Ball
2-1: Ball
3-1: Called Strike
3-2: Base on Balls
Hal Romaine to second
Batting: RHB Harvey Porter 0-0: Called Strike
0-1: Foul Ball, location: 2F
0-2: SINGLE (Line Drive, 6M)
Hal Romaine to third
Theodore Buck to second
Batting: RHB Vern Ewing 0-0: Ball
1-0: Ball
2-0: Grounds into double play, 4-6-3 (Groundball, 4)
Hal Romaine scores
Theodore Buck to third
Pitching: RHP David Phillips
Batting: RHB William Hull 0-0: Ground out 4-3 (Groundball, 4M)
Bottom of the 5th over - 1 run(s), 1 hit(s), 0 error(s), 1 left on base; Northern Virginia 4 - Panama City 4
TOP OF THE 6TH
Northern Virginia Retrievers batting - Pitching for Panama City Piranhas : RHP Jessie Holley
Batting: LHB Ye Der 0-0: Swinging Strike
0-1: Foul Ball, location: 2F
0-2: Ball
1-2: Ball
2-2: Strikes out swinging
Batting: LHB Roberto Salazar 0-0: Ball
1-0: Foul Ball, location: 2F
1-1: Ball
2-1: Ground out 5-3 (Groundball, 56S)
Batting: RHB Carl Good 0-0: Called Strike
0-1: Ground out 6-3 (Groundball, 6)
Top of the 6th over - 0 run(s), 0 hit(s), 0 error(s), 0 left on base; Northern Virginia 4 - Panama City 4
BOTTOM OF THE 6TH
Panama City Piranhas batting - Pitching for Northern Virginia Retrievers : RHP David Phillips
Batting: RHB Pete Knight 0-0: Ball
1-0: Called Strike
1-1: Foul Ball, location: 2F
1-2: Ball
2-2: Foul Ball, location: 2F
2-2: Ball
3-2: Foul Ball, location: 2F
3-2: DOUBLE (Line Drive, 5L)
Batting: RHB Jessie Holley 0-0: Sac Bunt - play at first, batter OUT! 5-4
Pete Knight to third
Batting: RHB Jeff Bass 0-0: 2-RUN HOME RUN (Flyball, 7LD), Distance : 345 ft
Batting: SHB Marc Talamante 0-0: Ground out 3-1 (Groundball, 34)
Batting: RHB Hal Romaine 0-0: Ball
1-0: Ball
2-0: Fly out, F8 (Flyball, 8RM)
Bottom of the 6th over - 2 run(s), 2 hit(s), 0 error(s), 0 left on base; Northern Virginia 4 - Panama City 6
TOP OF THE 7TH
Northern Virginia Retrievers batting - Pitching for Panama City Piranhas : RHP Jessie Holley
Batting: LHB John Robertson 0-0: Fly out, F8 (Flyball, 8RXD)
Batting: LHB Vance Cannon 0-0: Swinging Strike
0-1: Ball
1-1: Ball
2-1: Ground out 4-3 (Groundball, 4)
Batting: RHB Donald Stanley 0-0: DOUBLE (Line Drive, 89XD)
Batting: RHB Ben Ross 0-0: Ball
1-0: Called Strike
1-1: Swinging Strike
1-2: Ball
2-2: Ground out 5-3 (Groundball, 5S)
Top of the 7th over - 0 run(s), 1 hit(s), 0 error(s), 1 left on base; Northern Virginia 4 - Panama City 6
BOTTOM OF THE 7TH
Panama City Piranhas batting - Pitching for Northern Virginia Retrievers : RHP David Phillips
Pitching: RHP Juan Piña
Now at 3B: Carlos Vázquez
Batting: SHB Theodore Buck 0-0: Ground out 6-3 (Groundball, 6)
Batting: RHB Harvey Porter 0-0: Ball
1-0: Foul Ball, location: 2F
1-1: Called Strike
1-2: Ground out 5-3 (Groundball, 5L)
Batting: RHB Vern Ewing 0-0: Ball
1-0: Called Strike
1-1: Ball
2-1: Foul Ball, location: 2F
2-2: Strikes out looking
Bottom of the 7th over - 0 run(s), 0 hit(s), 0 error(s), 0 left on base; Northern Virginia 4 - Panama City 6
TOP OF THE 8TH
Northern Virginia Retrievers batting - Pitching for Panama City Piranhas : RHP Jessie Holley
Now in RF: Bellchyor Lebrim
Batting: RHB Carlos Vázquez 0-0: Ball
1-0: Ball
2-0: Ball
3-0: Called Strike
3-1: Ground out 5-3 (Groundball, 56S)
Pitching: LHP Albert Lucas
Now in CF: Francisco Sánchez
Batting: RHB Ed Anderson 0-0: Ball
1-0: Ball
2-0: Swinging Strike
2-1: Called Strike
2-2: Ball
3-2: SINGLE (Groundball, 6D)
Batting: LHB Ye Der 0-0: Ball
1-0: Grounds into double play, 4-6-3 (Groundball, 4)
Top of the 8th over - 0 run(s), 1 hit(s), 0 error(s), 0 left on base; Northern Virginia 4 - Panama City 6
BOTTOM OF THE 8TH
Panama City Piranhas batting - Pitching for Northern Virginia Retrievers : RHP Juan Piña
Batting: RHB William Hull 0-0: Ground out 4-3 (Groundball, 4M)
Batting: RHB Pete Knight 0-0: SOLO HOME RUN (Flyball, 7D), Distance : 363 ft
Batting: LHB Francisco Sánchez 0-0: Foul Ball, location: 2F
0-1: Ball
1-1: Ground out 6-3 (Groundball, 6)
Batting: RHB Jeff Bass 0-0: Called Strike
0-1: Swinging Strike
0-2: Foul Ball, location: 2F
0-2: Fly out, F3 (Popup, 34)
Bottom of the 8th over - 1 run(s), 1 hit(s), 0 error(s), 0 left on base; Northern Virginia 4 - Panama City 7
TOP OF THE 9TH
Northern Virginia Retrievers batting - Pitching for Panama City Piranhas : LHP Albert Lucas
Batting: LHB Roberto Salazar 0-0: Foul Ball, location: 2F
0-1: Called Strike
0-2: Fly out, F9 (Flyball, 89S)
Batting: RHB Carl Good 0-0: Ball
1-0: Called Strike
1-1: Ball
2-1: Fly out, F8 (Flyball, 8LM)
Batting: LHB John Robertson 0-0: Called Strike
0-1: Ball
1-1: Ball
2-1: SINGLE (Groundball, 56D)
Pinch Hitting: RHB Shi-young Chang 0-0: Ball
1-0: Foul Ball, location: 2F
1-1: Ball
2-1: Called Strike
2-2: Foul Ball, location: 2F
2-2: Strikes out looking
Top of the 9th over - 0 run(s), 1 hit(s), 0 error(s), 1 left on base; Northern Virginia 4 - Panama City 7
This league is powered by Out of the Park Baseball, the baseball management simulation game for PC, Mac and Linux
Saturday, July 25th, 2015 - OOTP Baseball 15.6 Build 34